Map: 얼어붙은 사원

Players

llllllllllll (Scarlett) - Winner!

  • Race: Zerg Zerg
  • League: Grandmaster

llllllllllll

  • Race: Protoss Protoss
  • League: Grandmaster

VOD

Have the link to the VOD?

Description

Time

  • Played on: April 13, 2016, 2:33 a.m.
  • Length: 8:42
Show
View Real Time Build Order
Export as new Build Order

llllllllllll Zerg - Winner!

Build Orders: Hatch First 

Get SALT Encoding   

  12  0:04  Drone  
  13  0:09  Drone  
  14  0:19  Overlord  
  14  0:23  Extractor  
  14  0:24  Drone  
  15  0:38  Drone x2  
  17  0:53  Hatchery  
  17  0:55  Drone  
  17  0:59  Drone  
  18  1:11  Spawning Pool  
  18  1:14  Extractor  
  18  1:17  Drone  
  17  1:19  Drone  
  18  1:30  Drone  
  19  1:48  Drone  
  19  1:53  Drone  
  21  1:56  Hatchery  
  20  2:03  Drone  
  20  2:04  Queen  
  20  2:06  Zergling x2  
  24  2:14  Metabolic Boost  
  24  2:16  Drone  
  25  2:24  Overlord  
  25  2:27  Drone  
  26  2:30  Drone  
  26  2:35  Drone  
  28  2:42  Queen  
  30  2:48  Queen  
  30  2:50  Zergling x2  
  30  2:51  Zergling x2  
  34  2:58  Overlord  
  34  3:00  Drone x2  
  36  3:11  Drone x2  
  38  3:16  Drone  
  38  3:21  Zergling x2  
  38  3:22  Zergling x8  
  38  3:25  Queen  
  45  3:33  Evolution Chamber  
  44  3:35  Overlord  
  44  3:36  Drone  
  45  3:41  Overlord  
  45  3:42  Drone x2  
  47  3:49  Drone x2  
  49  3:57  Drone, Overlord  
  49  3:58  Drone x3  
  49  4:01  Zerg Melee Weapons Level 1  
  53  4:07  Overlord x2  
  53  4:09  Drone  
  54  4:17  Drone  
  54  4:18  Drone x3  
  57  4:24  Zergling x6  
  57  4:25  Baneling Nest  
  57  4:28  Zergling x4  
  61  4:32  Zergling x2  
  61  4:33  Zergling x4  
  61  4:38  Zergling x10  
  68  4:46  Spore Crawler  
  68  4:48  Drone x4  
  68  4:49  Spore Crawler  
  70  4:54  Drone  
  70  4:55  Drone x3  
  70  4:59  Lair  
  74  5:03  Extractor  
  72  5:07  Drone  
  72  5:08  Drone x5  
  72  5:12  Baneling  
  72  5:13  Baneling x4  
  77  5:17  Overlord  
  77  5:18  Drone x2  
  79  5:21  Overlord  
  79  5:25  Overlord, Extractor, Queen  
  71  5:40  Drone x7  
  76  5:48  Drone x4  
  79  5:52  Extractor  
  79  5:54  Extractor x2  
  76  6:00  Zerg Melee Weapons Level 2  
  76  6:01  Spore Crawler  
  76  6:02  Zergling x12  
  81  6:07  Hatchery  
  81  6:10  Zergling x4  
  82  6:19  Zergling x2  
  82  6:20  Zergling x6  
  84  6:26  Zergling x12  
  84  6:29  Spore Crawler  
  84  6:32  Baneling x10  
  87  6:36  Queen x3  
  87  6:39  Zergling x12  
  97  6:41  Centrifical Hooks  
  95  6:47  Zergling x8  
  89  7:05  Zergling x14  
  93  7:14  Infestation Pit  
  91  7:18  Zergling x6  
  91  7:20  Baneling  
  91  7:21  Baneling x7  
  91  7:22  Baneling x7  
  94  7:23  Zergling x2  
  94  7:24  Zergling x10  
  100  7:32  Zergling x6  
  103  7:39  Spore Crawler  
  102  7:44  Zergling x8  
  101  7:58  Zergling x20  
  104  7:59  Baneling  
  104  8:00  Baneling x15  
  105  8:08  Drone x3  
  105  8:09  Drone  
  100  8:30  Drone  
Show
View Real Time Build Order
Export as new Build Order

llllllllllll Protoss 

Build Orders: 1 Gate Expand, Phoenix Opening 

Get SALT Encoding   

  12  0:01  Probe (Chrono Boost)  
  13  0:11  Probe (Chrono Boost)  
  14  0:17  Pylon  
  14  0:22  Probe (Chrono Boost)  
  16  0:35  Probe (Chrono Boost)  
  16  0:37  Gateway  
  16  0:46  Probe (Chrono Boost)  
  16  0:47  Assimilator  
  17  0:57  Probe (Chrono Boost)  
  18  1:07  Probe (Chrono Boost)  
  19  1:18  Probe (Chrono Boost)  
  20  1:23  Nexus  
  20  1:34  Cybernetics Core  
  20  1:36  Probe (Chrono Boost)  
  21  1:41  Assimilator  
  21  1:46  Probe (Chrono Boost)  
  22  1:56  Pylon  
  22  1:57  Probe (Chrono Boost)  
  23  2:11  Warp Gate (Chrono Boost)  
  23  2:14  Probe, Adept (Chrono Boost)  
  26  2:26  Probe  
  26  2:28  Gateway  
  27  2:30  Gateway  
  27  2:33  Probe  
  28  2:38  Probe  
  28  2:41  Adept  
  31  2:44  Probe  
  31  2:50  Probe  
  33  2:54  Probe  
  34  2:59  Stargate  
  34  3:02  Probe  
  34  3:05  Probe  
  36  3:16  Probe (Chrono Boost)  
  36  3:18  Probe (Chrono Boost)  
  38  3:26  Mothership Core (Chrono Boost)  
  38  3:28  Pylon  
  38  3:29  Probe (Chrono Boost)  
  41  3:35  Adept (Chrono Boost)  
  41  3:41  Phoenix (Chrono Boost), Probe  
  43  3:45  Probe  
  47  3:50  Pylon  
  47  3:53  Probe  
  48  3:57  Probe  
  48  4:01  Phoenix  
  49  4:04  Pylon  
  49  4:08  Probe  
  49  4:09  Adept x2  
  56  4:12  Adept  
  58  4:17  Forge  
  58  4:23  Phoenix  
  60  4:33  Probe x2  
  60  4:35  Zealot x3  
  68  4:41  Pylon  
  68  4:44  Phoenix  
  70  4:56  Pylon  
  70  4:59  Protoss Ground Weapons Level 1  
  70  5:00  Probe x2  
  70  5:04  Pylon  
  70  5:06  Phoenix  
  72  5:10  Nexus  
  74  5:17  Zealot x2  
  74  5:19  Zealot  
  74  5:21  Probe  
  81  5:28  Phoenix  
  71  5:39  Zealot x2  
  72  5:44  Probe  
  72  5:47  Probe  
  72  5:51  Assimilator  
  72  5:52  Assimilator  
  72  5:55  Photon Cannon  
  72  5:56  Probe  
  73  5:59  Probe  
  73  6:02  Photon Cannon  
  73  6:03  Pylon  
  74  6:08  Probe  
  75  6:11  Robotics Facility, Probe  
  75  6:13  Robotics Facility  
  76  6:23  Probe  
  77  6:32  Probe  
  76  6:34  Probe  
  76  6:35  Probe  
  76  6:39  Zealot, Sentry  
  82  6:40  Zealot  
  82  6:44  Probe  
  82  6:45  Probe  
  86  6:48  Gateway  
  86  6:55  Probe  
  86  6:56  Probe x2  
  86  7:00  Zealot  
  81  7:02  Zealot x2  
  81  7:06  Probe  
  81  7:08  Pylon  
  61  7:10  Pylon  
  61  7:14  Immortal x2 (Chrono Boost)  
  69  7:17  Gateway x2  
  69  7:19  Photon Cannon  
  69  7:23  Sentry x3  
  69  7:29  Gateway  
  75  7:32  Probe  
  75  7:33  Probe  
  75  7:34  Probe  
  78  7:46  Sentry, Pylon  
  78  7:47  Sentry x3  
  85  7:58  Immortal (Chrono Boost)  
  85  8:00  Probe x2  
  91  8:25  Zealot x4  
  79  8:35  Zealot x2  
  79  8:36  Zealot  
Tags
 
Add a new tag
Caveats
  • Supply blocks, unpowered buildings, or Contaminate may cause inaccurate times.
  • Supply counts are checked every 10 seconds.